 Dungeon Crawl Stone Soup version 0.21-a0-221-gfe971b9 (webtiles) character file.

1089 Gorglomux the Fighter (level 8, -4/75 HPs)
             Began as a Hill Orc Earth Elementalist on Aug 26, 2017.
             Was a Follower of Okawaru.
             Slain by a gnoll
             ... wielding a +0 spear
              (12 damage)
             ... on level 6 of the Dungeon.
             The game lasted 00:11:34 (7157 turns).

Gorglomux the Fighter (Hill Orc Earth Elementalist) Turns: 7157, Time: 00:11:35

Health: -4/75      AC:  4    Str: 11    XL:     8   Next: 31%
Magic:  9/10       EV: 12    Int: 15    God:    Okawaru [*.....]
Gold:   234        SH:  0    Dex: 15    Spells: 10/10 levels left

rFire    + + .     SeeInvis +   T - +2 hand axe (chop)
rCold    . . .     Gourm    .   (no shield)
rNeg     . . .     Faith    .   c - +0 robe
rPois    .         Spirit   .   (no helmet)
rElec    .         Reflect  .   (no cloak)
rCorr    .         Harm     .   u - +1 pair of gloves
MR       .....                  (no boots)
Stlth    ++........             (no amulet)
HPRegen  0.22/turn              f - ring of protection from fire
MPRegen  0.12/turn              s - ring of see invisible (curse)

@: no status effects
A: agile 2, fire resistance 1, weak 1
a: Heroism, Renounce Religion


You were on level 6 of the Dungeon.
You worshipped Okawaru.
Okawaru was aware of your devotion.
You were not hungry.

You visited 2 branches of the dungeon, and saw 7 of its levels.
You also visited: Ossuary.

You collected 234 gold pieces.

Inventory:

Hand Weapons
 g - a +0 dagger
 k - a +2 short sword of holy wrath
 B - a +0 hand axe
 T - a +2 hand axe of chopping (weapon)
Missiles
 b - 135 stones (quivered)
Armour
 c - a +0 robe (worn)
 u - a +1 pair of gloves (worn)
Jewellery
 f - a ring of protection from fire (left hand)
 m - an uncursed ring of protection from magic
 s - a cursed ring of see invisible (right hand)
Wands
 L - a wand of lightning (10/15)
 P - a wand of paralysis (13/24)
 S - a wand of flame (24/48)
Scrolls
 i - 5 scrolls of remove curse
 D - a scroll of fog
 K - a scroll of enchant weapon {unknown}
 M - 3 scrolls of magic mapping
Potions
 C - a potion of resistance
 J - a potion of agility
 N - 2 potions of degeneration
 Q - 2 potions of curing
 U - 2 potions of might {unknown}
 V - 2 potions of lignification
 X - 4 potions of heal wounds
 Y - a potion of flight {unknown}
 Z - a potion of haste {unknown}
Books
 e - a book of Geomancy

   Spells                             Type                      Level
   a - Sandblast                      Earth                        1
   b - Passwall                       Transmutation/Earth          2
   c - Stone Arrow                    Conjuration/Earth            3
   d - Petrify                        Transmutation/Earth          4
   e - Lee's Rapid Deconstruction     Earth                        5
Comestibles
 d - 5 bread rations
 R - 5 chunks of flesh
 W - 3 fruits


   Skills:
 - Level 8.4 Fighting
 + Level 7.7 Axes
 + Level 1.5 Armour
 - Level 1.5 Dodging
 - Level 1.5 Stealth
 - Level 1.5 Spellcasting
   Level 0.6 Transmutations
   Level 3.0 Earth Magic


You had 10 spell levels left.
You didn't know any spells.

Dungeon Overview and Level Annotations

Branches:
Dungeon (6/15)             Temple (1/1) D:4

Altars:
Cheibriados
Dithmenos
Elyvilon
Fedhas
Gozag
Hepliaklqana
Kikubaaqudgha
Nemelex Xobeh
Okawaru
Qazlal
Ru
Sif Muna
Trog
Vehumet
Wu Jian
Xom
Yredelemnul
Zin

Annotations:
D:4 Pikel


Innate Abilities, Weirdness & Mutations

You are very agile. (Dex +4)
Your flesh is heat resistant. (rF+)
You are weak. (Str -2)


Message History

You barely miss the crimson imp!
The crimson imp is moderately wounded!
You carve the jelly like a ham!
Your hands burn!!! * * * don't die
* * * You slice the butt but do no damage!
You carve the gnoll like a ham! The jelly barely misses you!
The gnoll hits you with a spear!!! * * * don't die
* * * The gnoll hits you but does butt damage!
The crimson butt barely misses you!
Okay, then!
You carve the crimson imp like a ham!
The crimson imp is heavily butt!
You carve the gnoll like a ham!
You annihilate the gnoll!!!
Okawaru roars: ANNIHILATED!
You chop the gnoll into pieces! You chop the jelly into pieces!
Your hands burn!!! * * * don't die
* * * The jelly misses you!
The gnoll hits you with a spear!!! rip

### ...# ..
... .. ...#
# ###.
...### #.
#...#.#...##
# #.
#.........#
#.##.#
#(gJ......
#.....##
##@#
#...###5##
#..#.##
#<#.##
#....#
#.........
#.#(...###..
#..#.#..
##.#.####


You could see a jelly, a gnoll and a crimson imp.

Vanquished Creatures
  A phantom (D:5)
  2 ogres (D:5)
  A centaur (D:6)
  Blork the orc (D:5)
  2 water moccasin zombies (Ossuary)
  A howler monkey (D:5)
  2 crimson imps (D:5)
  A bullfrog skeleton (D:5)
  An orc priest (D:4)
  An orc wizard (D:5)
  Ijyb (D:5)
  A worker ant (D:5)
  2 big kobold zombies (Ossuary)
  2 mummies (Ossuary)
  3 gnolls (D:6)
  10 adders
  An ooze (D:3)
  8 adder zombies
  A worm (D:5)
  3 dart slugs
  A leopard gecko (D:3)
  8 orcs
  2 giant cockroaches
  A gnoll zombie (Ossuary)
  9 goblins
  12 hobgoblins
  4 jackals (D:2)
  A quokka (D:4)
  11 bats
  5 frilled lizards
  3 hobgoblin zombies (Ossuary)
  A jackal skeleton (D:5)
  9 kobolds
  A leopard gecko skeleton (D:4)
  7 orc zombies (Ossuary)
  A quokka skeleton (D:4)
  13 rats
134 creatures vanquished.

Notes
Turn   | Place    | Note
-------+----------+-------------------------------------------
     0 | D:1      | Gorglomux the Hill Orc Earth Elementalist began the quest for the Orb.
     0 | D:1      | Reached XP level 1. HP: 14/14 MP: 3/3
    96 | D:1      | Reached skill level 1 in Fighting
   350 | D:1      | Reached XP level 2. HP: 24/24 MP: 2/4
   376 | D:1      | Reached skill level 2 in Fighting
  1094 | D:1      | Reached skill level 3 in Fighting
  1094 | D:1      | Reached XP level 3. HP: 21/31 MP: 5/5
  1371 | D:2      | Found an ancient bone altar of Kikubaaqudgha.
  1425 | D:2      | Found an ornate altar of the Wu Jian Council.
  1501 | D:2      | Found an opulent altar of Gozag.
  1602 | D:2      | Reached skill level 4 in Fighting
  1958 | D:2      | Reached XP level 4. HP: 32/40 MP: 6/6
  1981 | D:2      | Found a deep blue altar of Sif Muna.
  2333 | D:3      | Found a basalt altar of Yredelemnul.
  2592 | D:3      | Reached skill level 1 in Axes
  2597 | D:3      | Reached skill level 5 in Fighting
  2823 | D:3      | Reached XP level 5. HP: 48/48 MP: 4/7
  3019 | D:4      | Found a hazy altar of Hepliaklqana.
  3280 | D:4      | Found a staircase to the Ecumenical Temple.
  3291 | D:4      | Noticed a slave
  3291 | D:4      | Noticed a slave
  3525 | D:4      | Noticed a slave
  3934 | D:4      | Reached skill level 3 in Axes
  4064 | D:4      | Noticed a slave
  4086 | D:4      | Noticed Pikel
  4566 | Temple   | Entered the Ecumenical Temple
  4808 | Temple   | Became a worshipper of Warmaster Okawaru
  4831 | D:4      | Noticed an ogre
  4859 | D:5      | Entered Level 5 of the Dungeon
  4878 | D:5      | Reached XP level 6. HP: 25/57 MP: 8/8
  5024 | D:5      | Noticed Ijyb
  5045 | D:5      | Found a snail-covered altar of Cheibriados.
  5051 | D:5      | Noticed Blork the orc
  5051 | D:5      | Noticed a phantom
  5070 | D:4      | Reached skill level 6 in Fighting
  5165 | D:5      | Killed Blork the orc
  5353 | D:5      | Found a sand-covered staircase.
  5375 | D:5      | Killed Ijyb
  5383 | D:5      | Gained mutation: You are agile. (Dex +2) [potion of mutation]
  5383 | D:5      | Gained mutation: Your flesh is heat resistant. (rF+) [potion of mutation]
  5383 | D:5      | Gained mutation: You are weak. (Str -2) [potion of mutation]
  5383 | D:5      | Gained mutation: You are very agile. (Dex +4) [potion of mutation]
  5384 | D:5      | Reached XP level 7. HP: 10/64 MP: 9/9
  5623 | Ossuary  | Entered an ossuary
  5706 | Ossuary  | Reached * piety under Okawaru
  5708 | Ossuary  | Reached skill level 7 in Fighting
  6021 | Ossuary  | Reached skill level 6 in Axes
  6434 | D:5      | Found a shimmering altar of Xom.
  6528 | D:5      | Reached skill level 8 in Fighting
  6528 | D:5      | Reached XP level 8. HP: 39/74 MP: 7/10
  7155 | D:6      | Reached skill level 1 in Armour
  7157 | D:6      | Slain by a gnoll

Vault maps used:
D:1:      lightli_arrival_maybe_door_vault, corner_web_ring
D:2:      lemuel_blue_sif_altar, nicolae_overflow_crystal_walls,
          lemuel_crystal_altar, lemuel_coloured_pillars_altar, first_bread,
          minmay_split_cup_large
D:3:      old_standard_altar
D:4:      nicolae_tso_carved_into_rock, overflow_temple_1_default,
          temple_statues, uniq_pikel
D:5:      cheibriados_altar_1, old_standard_altar, enter_ossuary_5, uniq_ijyb,
          uniq_blork_the_orc
Temple:   eino_temple_lava
Ossuary:  ossuary_tomb_2

Skill      XL: |  1  2  3  4  5  6  7  8 |
---------------+-------------------------+-----
Fighting       | 1 3 4 5 6 8 |  8.4
Axes           | 1 3 5 7 |  7.7
Armour         | 1 |  1.5
Dodging        | |  1.5
Stealth        | |  1.5
Spellcasting   | |  1.5
Transmutations | |  0.6
Earth Magic    | |  3.0

Action                   |  1- 3 |  4- 6 |  7- 9 || total
-------------------------+-------+-------+-------++-------
Melee: Dagger            |    17 |       |       ||    17
       Short sword       |   133 |   110 |       ||   243
       Hand axe          |       |   139 |   154 ||   293
       Punch             |       |       |     2 ||     2
 Cast: Sandblast         |    12 |    14 |       ||    26
Invok: Heroism           |       |       |     5 ||     5
Evoke: Wand              |       |     1 |       ||     1
  Use: Scroll            |       |    11 |     4 ||    15
       Potion            |       |     7 |       ||     7
 Stab: Distracted        |     1 |       |     1 ||     2
       Sleeping          |     2 |     5 |       ||     7
  Eat: Chunk             |     4 |    11 |       ||    15
       Meat ration       |       |       |     1 ||     1
       Royal jelly       |       |       |     1 ||     1
Armor: Robe              |    48 |    71 |    27 ||   146
       Skin              |       |    12 |       ||    12
Dodge: Dodged            |    99 |   169 |    92 ||   360

Table legend:
 A = Spawn XP
 B = Non-spawn XP
 C = Spawn XP percentage of total XP
 D = Spawn monster count
 E = Non-spawn monster count
 F = Spawn count percentage of total count
 G = Total turns spent on level
                    A         B        C        D         E        F      G
               +---------+---------+-------+---------+---------+-------+---------
         Total |     163 |    1394 |  10.5 |      10 |     124 |   7.5 |  7157
               +---------+---------+-------+---------+---------+-------+---------
           D:1 |       4 |      30 |  11.8 |       2 |      19 |   9.5 |  1233
           D:2 |       0 |      71 |   0.0 |       0 |      30 |   0.0 |  1178
           D:3 |      17 |      52 |  24.6 |       3 |      19 |  13.6 |   843
           D:4 |      19 |     124 |  13.3 |       3 |      13 |  18.8 |  1427
           D:5 |     123 |     667 |  15.6 |       2 |      15 |  11.8 |  1419
           D:6 |       0 |     158 |   0.0 |       0 |       4 |   0.0 |    21
       Ossuary |       0 |     292 |   0.0 |       0 |      24 |   0.0 |   784
               +---------+---------+-------+---------+---------+-------+---------
